 Dungeon Crawl Stone Soup version 0.18-b1-16-g289874d (webtiles) character file.

73 Krapule the Vandal (level 4, -2/30 HPs)
             Began as a Halfling Hunter on May 1, 2016.
             Slain by Natasha (8 damage)
             ... on level 2 of the Dungeon.
             The game lasted 00:07:11 (1362 turns).

Krapule the Vandal (Halfling Hunter)                Turns: 1362, Time: 00:07:12

Health: -2/30      AC:  5    Str: 12    XL:     4   Next: 51%
Magic:  4/4        EV: 14    Int: 10    God:
Gold:   29         SH:  0    Dex: 15    Spells: 0 memorised, 3 levels left

rFire  . . .     SeeInvis .     b - +0 mace
rCold  . . .     Gourm    .     n - +0 ring mail
rNeg   . . .     Faith    .     (shield restricted)
rPois  .         Spirit   .     (no helmet)
rElec  .         Dismiss  .     (no cloak)
rCorr  .         Reflect  .     (no gloves)
SustAt .         Harm     .     (no boots)
MR     .....                    (no amulet)
Stlth  +.........               (no ring)
                                (no ring)

@: not resistant to hostile enchantments, very unstealthy
A: mutation resistance 1
a: no special abilities


You were on level 2 of the Dungeon.
You were not hungry.

You visited 1 branch of the dungeon, and saw 2 of its levels.

You collected 29 gold pieces.

Inventory:

Hand Weapons
 a - a +1 hunting sling
 b - a +0 mace (weapon)
 o - a +0 short sword
Missiles
 d - 20 sling bullets
 j - 27 stones (quivered)
Armour
 n - a +0 ring mail (worn)
Scrolls
 c - a scroll of enchant armour {unknown}
 e - a scroll of enchant weapon {unknown}
 g - a scroll of magic mapping {unknown}
 h - a scroll of immolation {unknown}
 i - 2 scrolls of identify {unknown}
 k - a scroll of blinking {unknown}
 p - a scroll of teleportation {unknown}
Potions
 m - a potion of flight {unknown}
 q - a potion of resistance {unknown}
 r - a potion of haste {unknown}
 s - a potion of curing {unknown}
 t - a potion of beneficial mutation {unknown}
Comestibles
 f - 2 bread rations
 l - a chunk of flesh


   Skills:
 + Level 2.5 Fighting
 + Level 6.6 Slings
 + Level 3.1 Dodging
 + Level 1.9 Stealth


You had 3 spell levels left.
You didn't know any spells.

Dungeon Overview and Level Annotations

Branches:
Dungeon (2/15)

Altars:
Yredelemnul
The Shining One

Annotations:
D:2 Natasha


Innate Abilities, Weirdness & Mutations

You are small and have problems with some larger weapons.
You are somewhat resistant to further mutation.


Message History

You completely miss Natasha.
Natasha is moderately wounded.
Natasha misses you.
Natasha growls.
Natasha closely misses you.
You closely miss Natasha.
Natasha is moderately wounded.
Natasha casts a spell at you. The magic dart hits you!
* * * LOW HITPOINT WARNING * * *
You closely miss Natasha.
Natasha is moderately wounded.
Natasha misses you.
Natasha wildly gestures.
You feel disoriented. Natasha claws you but does no damage.
You closely miss Natasha.
Natasha is lightly wounded.
Natasha claws you!
You die...

....<..<.########.......#
#.......................#
....#####.####..........#
###. #.####.#####.#..#
###.####......# #.#.##
.............## #...#
.##.....####.# #..##
#####....# #######..#
####@# ....##..# #h##
#..#))## #..# #.....#
##.########<#.#
#.(#.....#.#.^#
##.......#.##.#
###(....#.# .. .......#
... .....#.# [..#


You could see Natasha.

Vanquished Creatures
  3 gnolls (D:2)
  A dart slug (D:1)
  A ball python (D:1)
  5 bats
  3 giant cockroaches
  3 goblins (D:1)
  6 hobgoblins
  7 jackals (D:1)
  A giant newt (D:1)
  4 kobolds (D:1)
  5 rats (D:1)
39 creatures vanquished.

Vanquished Creatures (others)
  5 toadstools (D:1)
5 creatures vanquished.

Grand Total: 44 creatures vanquished

Notes
Turn   | Place    | Note
--------------------------------------------------------------
     0 | D:1      | Krapule the Halfling Hunter began the quest for the Orb.
     0 | D:1      | Reached XP level 1. HP: 14/14 MP: 1/1
    88 | D:1      | Reached skill level 6 in Slings
    88 | D:1      | Reached XP level 2. HP: 10/19 MP: 2/2
   520 | D:1      | Reached XP level 3. HP: 24/24 MP: 3/3
  1159 | D:2      | Reached XP level 4. HP: 26/30 MP: 4/4
  1252 | D:2      | Found a glowing golden altar of the Shining One.
  1254 | D:2      | Noticed an angel
  1261 | D:2      | Found a basalt altar of Yredelemnul.
  1263 | D:2      | Noticed a profane servitor
  1339 | D:2      | Noticed Natasha
  1362 | D:2      | Slain by Natasha

Skill      XL: |  1  2  3 |
---------------+----------+-----
Slings         | 6 |  6.6
Fighting       | 2 |  2.5
Dodging        | 3 |  3.1
Stealth        | |  1.9

Action                   |  1- 3 |  4- 6 || total
-------------------------+-------+-------++-------
Melee: Short sword       |    57 |       ||    57
       Mace              |    13 |    10 ||    23
 Fire: Hunting sling     |    45 |    22 ||    67
  Use: Potion            |     3 |       ||     3
 Stab: Sleeping          |     1 |       ||     1
  Eat: Chunk             |       |     1 ||     1
Armor: Leather armour    |    15 |       ||    15
       Ring mail         |     9 |     3 ||    12
Dodge: Dodged            |    66 |     8 ||    74
